 Dungeon Crawl Stone Soup version 0.23.2-1-ga50397a (webtiles) character file.

Game seed: 13120656263475505757

4426 Lauz the Carver (level 10, -1/129 HPs)
             Began as a Minotaur Fighter on May 6, 2019.
             Was an Elder of Okawaru.
             Slain by an orc knight
             ... wielding a +0 war axe
              (12 damage)
             ... in a bailey.
             The game lasted 00:21:06 (8293 turns).

Lauz the Carver (Minotaur Fighter)                  Turns: 8293, Time: 00:21:08

Health: -1/129     AC: 10    Str: 29    XL:     10   Next: 14%
Magic:  6/9        EV: 14    Int:  5    God:    Okawaru [****..]
Gold:   457        SH: 18    Dex: 10    Spells: 9/9 levels left

rFire    . . .     SeeInvis .   a - +0 long sword
rCold    . . .     Gourm    .   c - +1 shield
rNeg     . . .     Faith    .   b - +0 scale mail
rPois    +         Spirit   .   (helmet restricted)
rElec    .         Reflect  +   v - +0 cloak
rCorr    .         Harm     .   (no gloves)
MR       +....                  (no boots)
Stlth    ..........             w - +3 amulet of reflection
HPRegen  0.31/turn              y - ring of protection from magic
MPRegen  0.11/turn              F - ring of poison resistance

@: berserking, heroism, very quick
A: retaliatory headbutt, horns 2
a: Heroism, Renounce Religion


You were in a bailey.
You worshipped Okawaru.
Okawaru was greatly pleased with you.
You were hungry.

You visited 2 branches of the dungeon, and saw 9 of its levels.
You also visited: Bailey.

You collected 457 gold pieces.

Inventory:

Hand Weapons
 a - a +0 long sword (weapon)
Armour
 b - a +0 scale mail (worn)
 c - a +1 shield (worn)
 v - a +0 cloak (worn)
Jewellery
 j - a -3 ring of dexterity
 w - a +3 amulet of reflection (around neck)
 y - a ring of protection from magic (left hand)
 B - an uncursed ring of flight
 F - a ring of poison resistance (right hand)
Wands
 A - a wand of acid (6)
 E - a wand of digging (1)
Scrolls
 e - 2 scrolls of blinking
 g - a scroll of identify
 i - a scroll of random uselessness
 k - 5 scrolls of teleportation
 m - a scroll of enchant armour
 o - 2 scrolls of magic mapping
 p - 2 scrolls of remove curse
 s - a scroll of immolation
 C - 3 scrolls of amnesia
 G - a scroll of fog {unknown}
 H - a scroll of enchant weapon {unknown}
Potions
 d - 2 potions of might
 h - a potion of lignification {unknown}
 l - 2 potions of brilliance {unknown}
 n - 5 potions of curing {unknown}
 q - a potion of haste {unknown}
 r - a potion of mutation {unknown}
 t - 4 potions of heal wounds {unknown}
 x - a potion of cancellation {unknown}
 z - a potion of agility {unknown}
 D - a potion of resistance {unknown}
Comestibles
 f - 18 rations
 I - 16 chunks of flesh


   Skills:
 + Level 7.0(12.0) Fighting
 * Level 12.6(17.6) Long Blades
 + Level 7.5(12.5) Armour
 + Level 3.3(8.3) Dodging
 - Level 1.1(6.1) Stealth
 + Level 8.0(13.0) Shields
 * Level 0.3 Invocations


You had 9 spell levels left.
You didn't know any spells.
Your spell library was empty.

Dungeon Overview and Level Annotations

Branches:
Dungeon (8/15)             Temple (1/1) D:4
   Lair: D:8-11

Altars:
Ashenzari
Cheibriados
Dithmenos
Fedhas
Gozag
Hepliaklqana
Kikubaaqudgha
Makhleb
Nemelex Xobeh
Okawaru
Qazlal
Ru
Sif Muna
Uskayaw
Vehumet
Xom
Yredelemnul
Zin

Shops:
D:7 }*

Annotations:
D:3 Blork the orc
D:6 3 runed translucent doors, totalnoob's ghost, novice GnSk
D:7 1 runed translucent door


Innate Abilities, Weirdness & Mutations

You reflexively headbutt those who attack you in melee.
You have a pair of horns on your head.


Message History

* * * LOW HITPOINT WARNING * * *
You closely miss the orc knight.
The orc knight is heavily wounded.
You closely miss the orc knight.
The orc knight is heavily wounded.
The orc hits you with a +0 hand axe.
* * * LOW HITPOINT WARNING * * *
The orc knight closely misses you.
A red film seems to cover your vision as you go berserk!
You feel yourself moving faster!
You feel mighty! You block the orc's attack. You block the orc knight's attack.
You hit the orc knight.
The orc knight is heavily wounded.
You hit the orc knight. You headbutt the orc knight.
The orc knight is severely wounded.
The orc misses you. You furiously retaliate!
You headbutt the orc!!
You kill the orc!
Okawaru accepts your kill.
The orc knight hits you with a +0 war axe!
You die...

♣##'''##♣ ##.....##
#.......#
##....)..##
#...)))...#
##.........#
#######.....⌠.....#
##.....##o........##
#......))@........+
##......)##.......##
#.........#.......#
##.........##.....##
#.....⌠.....#######
#......o..##
#.........#
##...o...##
#.......#


You could see an orc knight.

Vanquished Creatures
  Pikel (D:3)
  A centaur skeleton (D:5)
  4 orc warriors
  A sky beast (D:8)
  An ice beast (D:6)
  A black bear (D:7)
  A necrophage (D:6)
  3 slaves
  2 phantoms (D:5)
  6 ogres
  2 centaurs
  A big kobold (D:6)
  5 bullfrogs
  A wyvern skeleton (D:7)
  4 scorpions
  4 killer bees
  A howler monkey (D:6)
  A crimson imp (D:7)
  A centaur zombie (D:6)
  2 bullfrog zombies (D:6)
  A quasit (D:6)
  A hound (D:5)
  4 orc priests
  3 iron imps (D:6)
  2 jellies
  6 orc wizards
  Ijyb (D:3)
  3 iguanas
  7 worker ants
  A hound skeleton (D:7)
  A howler monkey zombie (D:5)
  12 gnolls
  4 adders
  2 shadow imps
  An adder skeleton (D:7)
  2 worms
  3 dart slugs
  3 leopard geckos
  33 orcs
  5 giant cockroaches
  18 goblins
  19 hobgoblins
  12 jackals
  2 quokkas
  A ball python (D:3)
  7 bats
  7 frilled lizards
  27 kobolds
  2 leopard gecko skeletons (D:5)
  A leopard gecko zombie (D:7)
  6 rats
240 creatures vanquished.

Vanquished Creatures (others)
  An orc wizard (D:4)
  An orc (D:4)
2 creatures vanquished.

Grand Total: 242 creatures vanquished

Notes
Turn   | Place    | Note
-------+----------+-------------------------------------------
     0 | D:1      | Lauz the Minotaur Fighter began the quest for the Orb.
     0 | D:1      | Reached XP level 1. HP: 19/19 MP: 0/0
    87 | D:1      | Reached XP level 2. HP: 27/27 MP: 1/1
   647 | D:2      | Reached skill level 3 in Long Blades
   750 | D:2      | Reached XP level 3. HP: 33/33 MP: 2/2
  1126 | D:3      | Reached XP level 4. HP: 32/40 MP: 3/3
  1150 | D:3      | Reached skill level 4 in Long Blades
  1655 | D:3      | Found a hide-covered altar of Uskayaw.
  1811 | D:3      | Reached XP level 5. HP: 43/47 MP: 4/4
  1855 | D:3      | Noticed Blork the orc
  1864 | D:3      | Found a deep blue altar of Sif Muna.
  2189 | D:3      | Found a sparkling altar of Nemelex Xobeh.
  2247 | D:3      | Noticed Ijyb
  2251 | D:3      | Paralysed by Ijyb for 2 turns
  2255 | D:3      | Paralysed by Ijyb for 5 turns
  2264 | D:3      | Killed Ijyb
  2264 | D:3      | Reached skill level 5 in Long Blades
  2554 | D:4      | Reached skill level 1 in Dodging
  2559 | D:4      | Found a staircase to the Ecumenical Temple.
  2612 | D:4      | Found a sparkling altar of Nemelex Xobeh.
  2645 | Temple   | Entered the Ecumenical Temple
  2690 | Temple   | Became a worshipper of Warmaster Okawaru
  2792 | D:4      | Reached XP level 6. HP: 52/53 MP: 5/5
  2804 | D:4      | Noticed a slave
  2804 | D:4      | Noticed a slave
  2805 | D:4      | Noticed Pikel
  2805 | D:4      | Noticed a slave
  2845 | D:3      | Killed a slave
  2846 | D:3      | Killed a slave
  3434 | D:4      | Reached skill level 6 in Long Blades
  3590 | D:4      | Reached * piety under Okawaru
  3603 | D:4      | Noticed a slave
  3649 | D:4      | Killed a slave
  3938 | D:5      | Entered Level 5 of the Dungeon
  3946 | D:4      | Reached XP level 7. HP: 58/60 MP: 6/6
  3946 | D:4      | Reached skill level 7 in Long Blades
  3946 | D:4      | Reached skill level 5 in Shields
  3969 | D:5      | Reached ** piety under Okawaru
  3969 | D:5      | Reached skill level 5 in Fighting
  3969 | D:5      | Reached skill level 8 in Long Blades
  3969 | D:5      | Reached skill level 5 in Armour
  3980 | D:5      | Reached XP level 8. HP: 36/68 MP: 7/7
  4182 | D:3      | Killed Pikel
  4182 | D:3      | Reached skill level 9 in Long Blades
  4182 | D:3      | Reached skill level 1 in Stealth
  4522 | D:5      | Reached skill level 10 in Long Blades
  4636 | D:5      | Found a shimmering altar of Xom.
  5165 | D:6      | Reached XP level 9. HP: 64/75 MP: 8/8
  5437 | D:6      | Reached *** piety under Okawaru
  5437 | D:6      | Reached skill level 11 in Long Blades
  5863 | D:6      | Found a runed translucent gate.
  5864 | D:6      | Found a runed translucent gate.
  5864 | D:6      | Found a runed translucent gate.
  5865 | D:6      | Noticed totalnoob's ghost (novice GnSk)
  5868 | D:6      | Noticed a green ugly thing
  6999 | D:6      | Found a burning altar of Makhleb.
  7213 | D:7      | Found an ancient bone altar of Kikubaaqudgha.
  7234 | D:7      | Found Innosed's Gadget Shoppe.
  7240 | D:7      | Reached skill level 12 in Long Blades
  7382 | D:7      | Found a hazy altar of Hepliaklqana.
  7447 | D:7      | Reached **** piety under Okawaru
  7659 | D:7      | Found a shadowy altar of Dithmenos.
  7695 | D:7      | Reached XP level 10. HP: 84/84 MP: 9/9
  7804 | D:7      | Found a runed translucent door.
  7807 | D:7      | Noticed a sixfirhy
  7908 | D:7      | Found a blossoming altar of Fedhas.
  7934 | D:7      | Found Vuny's Assorted Antiques.
  8032 | D:8      | Found a flagged portal.
  8043 | Bailey   | Entered a bailey
  8239 | Bailey   | Noticed an orc knight
  8293 | Bailey   | Slain by an orc knight

Skill      XL: |  1  2  3  4  5  6  7  8  9 10 |
---------------+-------------------------------+-----
Shields        | 4 5 6 7 8 |  8.0
Fighting       | 4 5 6 7 |  7.0
Long Blades    | 3 4 5 6 8 10 12 | 12.6
Armour         | 4 5 7 |  7.5
Dodging        | 1 2 3 |  3.3
Stealth        | 1 |  1.1
Invocations    | |  0.3

Action                   |  1- 3 |  4- 6 |  7- 9 | 10-12 || total
-------------------------+-------+-------+-------+-------++-------
Melee: Long sword        |    80 |   205 |   378 |   136 ||   799
       Headbutt          |    14 |    42 |    82 |    26 ||   164
Invok: Heroism           |       |       |       |     2 ||     2
  Use: Scroll            |       |       |    10 |     1 ||    11
       Potion            |       |       |       |     1 ||     1
  Eat: Chunk             |       |    10 |    12 |     2 ||    24
Armor: Scale mail        |    36 |    82 |   113 |    19 ||   250
Dodge: Dodged            |    26 |    69 |   112 |    32 ||   239
Block: Shield            |    37 |   114 |   200 |    79 ||   430
       Rpst.: Long sword |     7 |    19 |    30 |    10 ||    66
